 Dungeon Crawl Stone Soup version 0.25.1-2-g60ff931df9 (webtiles) character file.

Game seed: 17160179962522143858

104 funkygono the Shield-Bearer (level 4, -4/28 HPs)
             Began as a Gargoyle Fighter on Sept 8, 2020.
             Slain by a gnoll
             ... wielding a +0 spear
              (5 damage)
             ... on level 3 of the Dungeon.
             The game lasted 00:03:59 (1691 turns).

funkygono the Shield-Bearer (Gargoyle Fighter)      Turns: 1691, Time: 00:03:59

Health: -4/28      AC: 10    Str: 20    XL:     4   Next: 80%
Magic:  4/4        EV:  8    Int:  9    God:
Gold:   65         SH:  9    Dex:  9    Spells: 3/3 levels left

rFire    . . .     SeeInvis .   a - +0 flail
rCold    . . .     Gourm    .   c - +0 kite shield
rNeg     + . .     Faith    .   b - +0 scale mail
rPois    ∞         Spirit   .   (no helmet)
rElec    +         Reflect  .   (no cloak)
rCorr    .         Harm     .   (no gloves)
MR       .....                  (no boots)
Stlth    ..........             k - amulet of magic regeneration
HPRegen  0.09/turn              (no ring)
MPRegen  0.34/turn              (no ring)

@: no status effects
A: negative energy resistance 1, electricity resistance, unbreathing,
petrification resistance, rot immunity, AC +3
a: no special abilities


You were on level 3 of the Dungeon.
You were not hungry.

You visited 1 branch of the dungeon, and saw 3 of its levels.

You collected 65 gold pieces.

Inventory:

Hand Weapons
 a - a +0 flail (weapon)
 h - a +0 hunting sling
Missiles
 e - 116 stones (quivered)
Armour
 b - a +0 scale mail (worn)
 c - a +0 kite shield (worn)
Jewellery
 k - an amulet of magic regeneration (around neck)
Potions
 d - a potion of berserk rage
 g - a potion of resistance
 j - a potion of cancellation
 o - a potion of curing {unknown}
Comestibles
 f - 3 rations
 l - 2 chunks of flesh


   Skills:
 + Level 3.5 Fighting
 + Level 3.0 Maces & Flails
 + Level 4.0 Armour
 + Level 1.0 Dodging
 + Level 4.2 Shields


You had 3 spell levels left.
You didn't know any spells.
Your spell library was empty.

Dungeon Overview and Level Annotations

Branches:
Dungeon (3/15)

Altars:
Gozag
Hepliaklqana
Qazlal
Yredelemnul


Innate Abilities, Weirdness & Mutations

You are resistant to torment.
Your stone body is resilient. (AC +3)
You are immune to poison.
You resist negative energy. (rN+)
You are resistant to electric shocks. (rElec)
You can survive without breathing.
You are immune to petrification.
You are immune to rotting.


Message History

The gnoll hits you with a cursed -1 halberd.
The gnoll hits you from afar with a +0 spear.
* * * LOW HITPOINT WARNING * * *
Some of the chunks of flesh in your inventory have rotted away.
You hit the gnoll.
The gnoll is heavily wounded.
The gnoll hits you with a cursed -1 halberd.
* * * LOW HITPOINT WARNING * * *
The gnoll hits you from afar with a +0 spear.
* * * LOW HITPOINT WARNING * * *
You barely miss the gnoll.
The gnoll is heavily wounded.
The gnoll hits you with a cursed -1 halberd.
* * * LOW HITPOINT WARNING * * *
You block the gnoll's attack.
Okay, then.
You closely miss the gnoll.
The gnoll is heavily wounded.
The gnoll hits you from afar with a +0 spear.
You die...

#.#..#.#.#####.###.#
.#.#..#.........###.#
.............##.....#
.............##.....#
##.##........>..###.#
# ##......#.#..# #
......gg.....#.##
.###.#.##..#.#.#####
g..#.##..#..gg@..#
......>##..#.#.###.#
.###.#.........###.#
.............##.#
.................#
......#.#..#####.#
................#
..#..##..######.#
...[......>.....


You could see 2 gnolls.

Vanquished Creatures
  A gnoll (D:3)
  4 adders (D:2)
  4 worms (D:2)
  A dart slug (D:2)
  3 orcs (D:2)
  5 giant cockroaches
  2 goblins (D:1)
  3 hobgoblins (D:1)
  4 jackals (D:1)
  4 kobolds
  5 bats
  8 rats (D:2)
  A spectral orc (D:2)
45 creatures vanquished.

Notes
Turn   | Place    | Note
-------+----------+-------------------------------------------
     0 | D:1      | funkygono the Gargoyle Fighter began the quest for the Orb.
     0 | D:1      | Reached XP level 1. HP: 14/14 MP: 1/1
   169 | D:1      | Reached XP level 2. HP: 19/19 MP: 2/2
   808 | D:2      | Reached XP level 3. HP: 8/23 MP: 3/3
   824 | D:2      | Found a stormy altar of Qazlal.
   866 | D:2      | Reached XP level 4. HP: 6/28 MP: 4/4
  1194 | D:2      | Found an opulent altar of Gozag.
  1263 | D:2      | Found a basalt altar of Yredelemnul.
  1383 | D:2      | Found a hazy altar of Hepliaklqana.
  1473 | D:2      | Reached skill level 1 in Dodging
  1690 | D:3      | HP: 1/28 [gnoll/cursed -1 halberd (3)]
  1691 | D:3      | Slain by a gnoll

Illustrated notes

Levels and vault maps discovered:
D:1:      dpeg_arrival_three_smaller_balls, layout_basic
D:2:      layout_basic, lemuel_doored_altar,
          yredelemnul_forgotten_temple_becter, nicolae_overflow_hidden_temple,
          lemuel_coloured_pillars_altar, minmay_tetromino_i4
D:3:      layout_basic, chequers_temple_overflow_statue_of_worship, minivault_5,
          yredelemnul_altar_generic

Skill      XL: |  1  2  3  4 |
---------------+-------------+-----
Armour         | 4 |  4.0
Shields        | 4 |  4.2
Dodging        | 1 |  1.0
Maces & Flails | 3 |  3.0
Fighting       | |  3.5

Action                   |  1- 3 |  4- 6 || total
-------------------------+-------+-------++-------
Melee: Flail             |   131 |    88 ||   219
  Use: Scroll            |     2 |     5 ||     7
       Potion            |     1 |       ||     1
  Eat: Chunk             |       |     3 ||     3
Armor: Scale mail        |    85 |    52 ||   137
Dodge: Dodged            |    76 |    41 ||   117
Block: Kite shield       |    84 |    63 ||   147
